 Dungeon Crawl Stone Soup version 0.27-a0-1434-g6f15984924 (webtiles) character file.

Game seed: 11441271444319243466

154 funkygono the Shield-Bearer (level 5, 0/70 HPs)
             Began as a Gnoll Fighter on July 3, 2021.
             Slain by Sigmund (3 damage)
             ... on level 3 of the Dungeon.
             The game lasted 00:04:26 (2446 turns).

funkygono the Shield-Bearer (Gnoll Fighter)         Turns: 2446, Time: 00:04:26

Health: 0/70       AC: 10    Str: 17    XL:     5   Next: 36%
Magic:  7/7        EV:  6    Int: 13    God:
Gold:   70         SH: 15    Dex: 11    Spells: 5/6 levels left

rFire    . . .     SeeInvis .   a - +0 long sword
rCold    . . .     Faith    .   i - +0 tower shield
rNeg     . . .     Spirit   .   l - +0 scale mail
rPois    .         Reflect  .   k - +0 helmet
rElec    .         Harm     .   g - +0 cloak
rCorr    .         Rampage  .   (no gloves)
Will     +....                  (no boots)
Stlth    ..........             (no amulet)
HPRegen  0.21/turn              j - +6 ring of intelligence
MPRegen  0.10/turn              r - ring of willpower

@: mighty, berserking, studying Shields, very quick
A: fangs 1, strong nose, distributed training
a: no special abilities


You were on level 3 of the Dungeon.
You visited 1 branch of the dungeon, and saw 3 of its levels.

You collected 70 gold pieces.

Inventory:

Hand Weapons
 a - a +0 long sword (weapon)
 b - a +0 shortbow
Missiles
 e - 66 stones (quivered)
 o - 23 arrows
Armour
 c - a +0 kite shield
 g - a +0 cloak (worn)
 h - a +0 plate armour
 i - a +0 tower shield (worn)
 k - a +0 helmet (worn)
 l - a +0 scale mail (worn)
 m - a +0 chain mail
Jewellery
 j - a +6 ring of intelligence (left hand)
 r - a ring of willpower (right hand)
Scrolls
 f - a scroll of amnesia
Potions
 q - a potion of ambrosia {unknown}


   Skills:
 + Level 6.7 Fighting
 + Level 1.4 Short Blades
 + Level 4.8 Long Blades
 + Level 1.4 Axes
 + Level 1.4 Maces & Flails
 + Level 1.4 Polearms
 + Level 1.4 Staves
 + Level 1.4 Slings
 + Level 1.4 Bows
 + Level 1.4 Crossbows
 + Level 1.4 Throwing
 + Level 6.7 Armour
 + Level 1.4 Dodging
 + Level 1.4 Stealth
 + Level 6.9 Shields
 + Level 1.4 Unarmed Combat
 + Level 1.4 Spellcasting
 + Level 1.1 Conjurations
 + Level 1.1 Hexes
 + Level 1.1 Summonings
 + Level 1.1 Necromancy
 + Level 1.1 Translocations
 + Level 1.1 Transmutations
 + Level 1.1 Fire Magic
 + Level 1.1 Ice Magic
 + Level 1.1 Air Magic
 + Level 1.1 Earth Magic
 + Level 1.1 Poison Magic
 + Level 1.6 Invocations
 + Level 1.4 Evocations


You had 5 spell levels left.
You knew the following spells:

 Your Spells              Type           Power      Damage    Failure   Level
a - Freeze                Ice            16%        1d4       99%         1

Your spell library contained the following spells:

 Spells                   Type           Power      Damage    Failure   Level
 Animate Skeleton         Necr           8%         N/A       99%         1
 Pain                     Necr           16%        1d4       99%         1
 Ensorcelled Hibernation  Hex/Ice        8%         N/A       100%        2
 Frozen Ramparts          Ice            8%         1d2       100%        3
 Spider Form              Tmut/Pois      2%         N/A       100%        3
 Vampiric Draining        Necr           2%         2d6       100%        3
 Hailstorm                Conj/Ice       4%         3d4       100%        4
 Shadow Creatures         Summ           N/A        N/A       100%        6


Dungeon Overview and Level Annotations

Branches:
Dungeon (3/15)

Altars:

Annotations:
D:3 Sigmund


Innate Abilities, Weirdness & Mutations

You have very sharp teeth.
Your uncanny sense of smell can sniff out nearby items.
Your experience applies equally to all skills.


Message History

Sigmund casts a spell.
Sigmund flickers and vanishes!
Deactivating autopickup; reactivate with Ctrl-A.
You slash something! Something hits you.
You closely miss something. You bite something.
Something hits you but does no damage. You block something's attack.
You hit something. You block something's attack.
You barely miss something. You block something's attack. Something hits you!
You hit something. You bite something. Something hits you but does no damage.
You hit something but do no damage. You block something's attack.
Something hits you!
* * * LOW HITPOINT WARNING * * *
You closely miss something. You bite something.
Something hits you but does no damage.
You miss something. You block something's attack.
You hear some strange, mumbled words.
A magic dart appears from out of thin air!
The magic dart hits you but does no damage.
You slash something! Something hits you.
* * * LOW HITPOINT WARNING * * *
You feel better. Something completely misses you.
You feel very mighty all of a sudden. You block something's attack.
You closely miss something.
You hear some strange, mumbled words.
A magic dart appears from out of thin air!
The magic dart hits you. Something hits you.
* * * LOW HITPOINT WARNING * * *
You miss something. Something hits you but does no damage.
You barely miss something.
You hear some strange, mumbled words.
A puff of flame appears from out of thin air!
The puff of flame hits you.
* * * LOW HITPOINT WARNING * * *
Something hits you.
* * * LOW HITPOINT WARNING * * *
It was a potion of berserk rage.
A red film seems to cover your vision as you go berserk!
You feel yourself moving faster!
You feel mighty! Something hits you.
You die...

#......#........#
#......#.######.#
#......#.# #.#
#.#+#.##.# #.#
#.#......# #.#
#####.###.#########.#
#...................#
#....################
+...@'......
.......{#######
####.#### #. #


There were no monsters in sight!

Vanquished Creatures
  A centaur (D:3)
  2 adders
  A worm (D:2)
  A dart slug (D:3)
  6 ball pythons
  6 endoplasms
  A giant cockroach (D:2)
  5 goblins
  6 jackals (D:1)
  3 quokkas
  2 bats (D:2)
  5 frilled lizards
  3 kobolds (D:1)
  4 rats
46 creatures vanquished.

Notes
Turn   | Place    | Note
-------+----------+-------------------------------------------
     0 | D:1      | funkygono the Gnoll Fighter began the quest for the Orb.
     0 | D:1      | Reached XP level 1. HP: 23/23 MP: 1/1
   308 | D:1      | Reached XP level 2. HP: 26/29 MP: 2/2
   883 | D:1      | Reached XP level 3. HP: 35/35 MP: 3/3
  1178 | D:1      | Learned a level 1 spell: Freeze
  1354 | D:2      | Reached skill level 1 in Invocations
  1454 | D:2      | Found a faded altar of an unknown god.
  1939 | D:2      | Reached skill level 1 in Short Blades
  1939 | D:2      | Reached skill level 1 in Axes
  1939 | D:2      | Reached skill level 1 in Maces & Flails
  1939 | D:2      | Reached skill level 1 in Polearms
  1939 | D:2      | Reached skill level 1 in Staves
  1939 | D:2      | Reached skill level 1 in Slings
  1939 | D:2      | Reached skill level 1 in Bows
  1939 | D:2      | Reached skill level 1 in Crossbows
  1939 | D:2      | Reached skill level 1 in Throwing
  1939 | D:2      | Reached skill level 1 in Dodging
  1939 | D:2      | Reached skill level 1 in Stealth
  1939 | D:2      | Reached skill level 1 in Unarmed Combat
  1939 | D:2      | Reached skill level 1 in Spellcasting
  1939 | D:2      | Reached skill level 1 in Evocations
  2132 | D:3      | Noticed a centaur
  2146 | D:3      | Killed a centaur
  2147 | D:3      | Reached skill level 1 in Conjurations
  2147 | D:3      | Reached skill level 1 in Hexes
  2147 | D:3      | Reached skill level 1 in Summonings
  2147 | D:3      | Reached skill level 1 in Necromancy
  2147 | D:3      | Reached skill level 1 in Translocations
  2147 | D:3      | Reached skill level 1 in Transmutations
  2147 | D:3      | Reached skill level 1 in Fire Magic
  2147 | D:3      | Reached skill level 1 in Ice Magic
  2147 | D:3      | Reached skill level 1 in Air Magic
  2147 | D:3      | Reached skill level 1 in Earth Magic
  2147 | D:3      | Reached skill level 1 in Poison Magic
  2147 | D:3      | Reached XP level 4. HP: 38/41 MP: 4/6
  2147 | D:3      | Reached XP level 5. HP: 44/47 MP: 4/7
  2421 | D:3      | Noticed Sigmund
  2445 | D:3      | HP: 2/47 [something (6)]
  2446 | D:3      | Slain by Sigmund

Illustrated notes

Levels and vault maps discovered:
D:1:      dpeg_arrival_erosion, layout_loops_corners
D:2:      layout_loops_ring, hellmonk_ecumenical_altar_blasted,
          grunt_decor_mini_mirrors
D:3:      layout_basic, okawaru_trees_2, cheibrodos_worm_habitat,
          amcnicky_altar_gilded, uniq_sigmund

Skill      XL: |  1  2  3 |
---------------+----------+-----
Invocations    | 1 |  1.6
Short Blades   | 1 |  1.4
Axes           | 1 |  1.4
Maces & Flails | 1 |  1.4
Polearms       | 1 |  1.4
Staves         | 1 |  1.4
Slings         | 1 |  1.4
Bows           | 1 |  1.4
Crossbows      | 1 |  1.4
Throwing       | 1 |  1.4
Dodging        | 1 |  1.4
Stealth        | 1 |  1.4
Unarmed Combat | 1 |  1.4
Spellcasting   | 1 |  1.4
Evocations     | 1 |  1.4
Conjurations   | 1 |  1.1
Hexes          | 1 |  1.1
Summonings     | 1 |  1.1
Necromancy     | 1 |  1.1
Translocations | 1 |  1.1
Transmutations | 1 |  1.1
Fire Magic     | 1 |  1.1
Ice Magic      | 1 |  1.1
Air Magic      | 1 |  1.1
Earth Magic    | 1 |  1.1
Poison Magic   | 1 |  1.1
Fighting       | |  6.7
Long Blades    | |  4.8
Armour         | |  6.7
Shields        | |  6.9

Action                   |  1- 3 |  4- 6 || total
-------------------------+-------+-------++-------
Melee: Long sword        |   134 |    31 ||   165
       Bite              |    12 |     7 ||    19
Throw: Stone             |       |     7 ||     7
  Use: Scroll            |     5 |       ||     5
       Potion            |       |     3 ||     3
Armor: Scale mail        |    76 |     9 ||    85
Dodge: Dodged            |    23 |     2 ||    25
Block: Kite shield       |    27 |       ||    27
       Tower shield      |    74 |    27 ||   101
       Rpst.: Long sword |     8 |       ||     8

Table legend: (Time is in decaauts)
 A = Elapsed time spent in this place.
 B = Non-inter-level travel time spent in this place.
 C = Inter-level travel time spent in this place.
 D = Time resting spent in this place.
 E = Time spent auto-exploring this place.
 F = Levels seen in this place.
 G = Mean time per level.
                   A        B        C        D        E       F      G
               +--------+--------+--------+--------+--------+-----+--------+
         Total |   2525 |   2449 |     76 |      0 |   1887 |   3 |  841.7 |
       Dungeon |   2525 |   2449 |     76 |      0 |   1887 |   3 |  841.7 |
               +--------+--------+--------+--------+--------+-----+--------+

Top non-repeatable levels by time:
     D:1: 1259 daAuts
     D:2: 852 daAuts
     D:3: 413 daAuts
